 Dungeon Crawl Stone Soup version 0.21.1-1-g345015f (webtiles) character file.

4680 nicolaieve the Cleaver (level 10, -6/88 HPs)
             Began as a Minotaur Berserker on July 11, 2018.
             Was an Elder of Trog.
             Killed from afar by Erica (24 damage)
             ... with a bolt of poison
             ... on level 8 of the Dungeon.
             The game lasted 00:24:39 (5775 turns).

nicolaieve the Cleaver (Minotaur Berserker)         Turns: 5775, Time: 00:24:41

Health: -6/88      AC: 16    Str: 25    XL:     10   Next: 21%
Magic:  9/9        EV:  9    Int:  4    God:    Trog [****..]
Gold:   293        SH:  0    Dex: 10    Spells: 9/9 levels left

rFire    . . .     SeeInvis .   a - +0 hand axe
rCold    . . .     Gourm    +   (no shield)
rNeg     . . .     Faith    .   y - +0 plate armour
rPois    .         Spirit   .   (helmet restricted)
rElec    .         Reflect  .   s - +0 cloak
rCorr    .         Harm     .   k - +0 pair of gloves
MR       ++...                  (no boots)
Stlth    ..........             F - amulet of the gourmand
HPRegen  1.24/turn              (no ring)
MPRegen  0.11/turn              (no ring)

@: lethally poisoned (-6 -> -7), berserk cooldown, regenerating, slowed, very
slow
A: retaliatory headbutt, horns 2
a: Berserk, Trog's Hand, Brothers in Arms, Burn Spellbooks, Renounce Religion


You were on level 8 of the Dungeon.
You worshipped Trog.
Trog was greatly pleased with you.
You were full.

You visited 1 branch of the dungeon, and saw 8 of its levels.

You collected 293 gold pieces.

Inventory:

Hand Weapons
 a - a +0 hand axe (weapon)
 u - a +1 flail of draining
 v - a +0 war axe
 w - a +2 antimagic flail
 D - a +2 whip of flaming
Armour
 k - a +0 pair of gloves (worn)
 s - a +0 cloak (worn)
 y - a +0 plate armour (worn)
Jewellery
 F - an amulet of the gourmand (around neck)
Wands
 E - a wand of flame (38)
 I - a wand of scattershot (4)
Scrolls
 d - 2 scrolls of enchant armour {unknown}
 f - a scroll of noise {unknown}
 l - 2 scrolls of remove curse
 m - 3 scrolls of magic mapping {unknown}
 n - 2 scrolls of fog {unknown}
 p - a scroll of amnesia {unknown}
 x - 2 scrolls of teleportation {unknown}
 A - a scroll of fear {unknown}
 C - a scroll of torment {unknown}
Potions
 b - 4 potions of curing
 e - 2 potions of cancellation
 h - 2 potions of lignification
 i - 3 potions of agility
 j - 2 potions of heal wounds
 o - a potion of magic {unknown}
 q - a potion of invisibility {unknown}
 r - 2 potions of flight {unknown}
Comestibles
 c - 10 rations


   Skills:
 + Level 7.9 Fighting
 * Level 13.7 Axes
 + Level 8.1 Armour
 + Level 4.5 Dodging


You had 9 spell levels left.
You didn't know any spells.

Dungeon Overview and Level Annotations

Branches:
Dungeon (8/15)             Temple (0/1) D:5
   Lair: D:8-11

Altars:
Cheibriados
Dithmenos
Elyvilon
Fedhas
Hepliaklqana
Kikubaaqudgha
Makhleb
Nemelex Xobeh
Okawaru
Ru
Trog
Uskayaw
Wu Jian
The Shining One

Shops:
D:4 }

Annotations:
D:8 Erica


Innate Abilities, Weirdness & Mutations

You reflexively headbutt those who attack you in melee.
You have a pair of horns on your head.


Message History

You hear some strange, mumbled words.
You feel as though you will be slow longer.
Something completely misses you.
Unknown command.
You completely miss something. You headbutt something!!
Unknown command.
You hit something. Something hits you.
* * * LOW HITPOINT WARNING * * *
Something burns you.
* * * LOW HITPOINT WARNING * * *
Unknown command.
Okay, then.
Your skin crawls.
You feel resistant to hostile enchantments.
You feel somewhat less full.
You hear some strange, mumbled words.
A bolt of poison appears from out of thin air!
The bolt of poison hits you!
You are poisoned.
You die...

#........#.#
######.......
#.)((((.(#.#
#>...........
#........#.#
#.###########
#..(....(#.###.#
##....
#........(...#.#
##.....
#..).####....(.#
##...... #....#
#.####.####.......
#....#
#.####...[........
#....#
#@................
#....#
#{................
#....#
#...|........=....
#....#
#.................
######
#.................
#.................
#.#####...........
#.# #...........
#.# #...........


There were no monsters in sight!

Vanquished Creatures
  Pikel (D:7)
  Joseph (D:8)
  Psyche (D:8)
  The ghost of sbat the Cudgeler, an amateur TrFi (D:4)
  A hippogriff (D:7)
  A wraith (D:7)
  Edmund (D:4)
  A water moccasin (D:6)
  4 slaves (D:7)
  2 orc warriors (D:6)
  A sky beast (D:6)
  3 ice beasts
  A phantom (D:7)
  6 ogres
  A black bear (D:8)
  2 eyes of draining (D:6)
  2 centaurs
  4 bullfrogs
  A wyvern zombie (D:8)
  2 scorpions
  The ghost of spiff the Chucker, a weakling TrHu (D:3)
  A crimson imp (D:6)
  3 hounds
  A jelly (D:5)
  Crazy Yiuf (D:3)
  A bullfrog skeleton (D:5)
  2 orc priests
  A centaur skeleton (D:5)
  Jessica (D:2)
  2 iguanas (D:5)
  2 orc wizards
  5 worker ants
  A hound zombie (D:5)
  Robin (D:4)
  6 gnolls
  6 adders
  A shadow imp (D:6)
  2 adder skeletons
  An adder zombie (D:7)
  3 worms
  4 dart slugs
  2 leopard geckos
  8 orcs
  2 ball pythons
  8 bats
  5 giant cockroaches
  17 hobgoblins
  12 jackals
  4 quokkas
  A frilled lizard (D:1)
  17 goblins
  6 kobolds
  2 quokka skeletons
  7 rats
174 creatures vanquished.

Vanquished Creatures (others)
  An orc wizard (D:6)
1 creature vanquished.

Grand Total: 175 creatures vanquished

Notes
Turn   | Place    | Note
-------+----------+-------------------------------------------
     0 | D:1      | nicolaieve the Minotaur Berserker began the quest for the Orb.
     0 | D:1      | Reached XP level 1. HP: 19/19 MP: 0/0
   191 | D:1      | Reached skill level 4 in Axes
   196 | D:1      | Reached XP level 2. HP: 25/27 MP: 1/1
   696 | D:1      | Reached XP level 3. HP: 28/33 MP: 2/2
   859 | D:2      | Noticed Jessica
   864 | D:2      | Killed Jessica
   864 | D:2      | Reached skill level 5 in Axes
   919 | D:2      | Found a sparkling altar of Nemelex Xobeh.
   995 | D:2      | Reached ** piety under Trog
   997 | D:2      | Reached XP level 4. HP: 34/40 MP: 3/3
  1139 | D:2      | Found a burning altar of Makhleb.
  1323 | D:2      | Found a glowing golden altar of the Shining One.
  1469 | D:3      | Noticed spiff's ghost (weakling TrHu)
  1475 | D:3      | Killed spiff's ghost
  1475 | D:3      | Reached skill level 6 in Axes
  1475 | D:3      | Reached XP level 5. HP: 47/47 MP: 4/4
  1524 | D:3      | Found a white marble altar of Elyvilon.
  1525 | D:3      | Noticed a centaur
  1530 | D:3      | Killed a centaur
  1763 | D:3      | Found a runed door.
  1942 | D:3      | Noticed Crazy Yiuf
  1949 | D:3      | Killed Crazy Yiuf
  1949 | D:3      | Reached XP level 6. HP: 40/53 MP: 5/5
  2026 | D:4      | Noticed sbat's ghost (amateur TrFi)
  2036 | D:4      | Killed sbat's ghost
  2036 | D:4      | Reached skill level 5 in Fighting
  2036 | D:4      | Reached skill level 7 in Axes
  2081 | D:4      | Found Egid's Gadget Emporium.
  2182 | D:4      | Noticed Robin
  2189 | D:4      | Reached XP level 7. HP: 54/61 MP: 6/6
  2204 | D:4      | Killed Robin
  2204 | D:4      | Reached skill level 8 in Axes
  2317 | D:4      | Reached *** piety under Trog
  2329 | D:4      | Noticed Edmund
  2351 | D:4      | Killed Edmund
  2628 | D:5      | Entered Level 5 of the Dungeon
  2756 | D:5      | Reached skill level 9 in Axes
  2947 | D:5      | Reached XP level 8. HP: 69/69 MP: 7/7
  3148 | D:5      | Reached skill level 5 in Armour
  3495 | D:5      | Found a staircase to the Ecumenical Temple.
  3545 | D:6      | Reached skill level 10 in Axes
  3648 | D:6      | Found a bloodstained altar of Trog.
  3663 | D:6      | Reached skill level 11 in Axes
  3765 | D:6      | Reached XP level 9. HP: 27/78 MP: 8/8
  3913 | D:6      | Reached **** piety under Trog
  3930 | D:6      | Found a snail-covered altar of Cheibriados.
  4056 | D:6      | Found an iron altar of Okawaru.
  4056 | D:6      | Found an ornate altar of the Wu Jian Council.
  4056 | D:6      | Found an ancient bone altar of Kikubaaqudgha.
  4056 | D:6      | Found a shadowy altar of Dithmenos.
  4087 | D:6      | Found a hazy altar of Hepliaklqana.
  4091 | D:6      | Found a blossoming altar of Fedhas.
  4707 | D:7      | Noticed Pikel
  4743 | D:7      | Killed Pikel
  4743 | D:7      | Reached skill level 12 in Axes
  4913 | D:7      | Found a sacrificial altar of Ru.
  5383 | D:8      | Found a hide-covered altar of Uskayaw.
  5383 | D:8      | Noticed a dagger
  5383 | D:8      | Noticed a hand axe
  5413 | D:8      | Reached skill level 13 in Axes
  5447 | D:8      | Received a gift from Trog
  5569 | D:8      | Noticed Psyche
  5576 | D:8      | Killed Psyche
  5576 | D:8      | Reached XP level 10. HP: 88/88 MP: 9/9
  5672 | D:8      | Noticed Joseph
  5701 | D:8      | Killed Joseph
  5757 | D:8      | Noticed Erica
  5775 | D:8      | Killed from afar by Erica

Skill      XL: |  1  2  3  4  5  6  7  8  9 |
---------------+----------------------------+-----
Axes           | 4 5 6 7 9 11 13 | 13.7
Fighting       | 4 5 6 7 |  7.9
Armour         | 3 4 6 8 |  8.1
Dodging        | 3 4 |  4.5

Action                   |  1- 3 |  4- 6 |  7- 9 | 10-12 || total
-------------------------+-------+-------+-------+-------++-------
Melee: Hand axe          |    65 |    85 |   396 |    41 ||   587
       Headbutt          |     9 |    15 |    79 |    11 ||   114
Invok: Berserk           |       |     2 |     5 |     2 ||     9
       Trog's Hand       |       |       |     1 |     1 ||     2
       Burn Spellbooks   |       |       |     2 |       ||     2
  Use: Scroll            |       |       |       |     5 ||     5
  Eat: Chunk             |       |     6 |    12 |    19 ||    37
       Ration            |       |       |     1 |       ||     1
Armor: Animal skin       |     5 |       |       |       ||     5
       Ring mail         |    17 |    24 |    13 |       ||    54
       Chain mail        |       |       |    62 |       ||    62
       Scale mail        |       |       |     9 |       ||     9
       Plate armour      |       |       |    76 |    22 ||    98
Dodge: Dodged            |    43 |    57 |   153 |    13 ||   266
